 Dungeon Crawl Stone Soup version 0.23-a0-389-g4a5eb33 (webtiles) character file.

60 CrossKnight the Slasher (level 3, 0/28 HPs)
             Began as a Demonspawn Gladiator on Oct 29, 2018.
             Slain by a gnoll
             ... wielding a +0 club
              (4 damage)
             ... on level 2 of the Dungeon.
             The game lasted 00:02:56 (963 turns).

CrossKnight the Slasher (Demonspawn Gladiator)       Turns: 963, Time: 00:02:56

Health: 0/28       AC:  6    Str: 15    XL:     3   Next: 80%
Magic:  3/3        EV: 12    Int:  9    God:
Gold:   43         SH:  0    Dex: 14    Spells: 2/2 levels left

rFire    . . .     SeeInvis .   a - +0 long sword
rCold    . . .     Gourm    .   (no shield)
rNeg     . . .     Faith    .   i - +0 ring mail
rPois    .         Spirit   .   c - +0 helmet
rElec    .         Reflect  .   (no cloak)
rCorr    .         Harm     .   (no gloves)
MR       .....                  (no boots)
Stlth    +.........             (no amulet)
HPRegen  0.09/turn              (no ring)
MPRegen  0.08/turn              (no ring)

@: no status effects
A: talons 2
a: no special abilities


You were on level 2 of the Dungeon.
You were not hungry.

You visited 1 branch of the dungeon, and saw 2 of its levels.

You collected 43 gold pieces.

Inventory:

Hand Weapons
 a - a +0 long sword (weapon)
Missiles
 d - 3 throwing nets (quivered)
Armour
 b - a +0 leather armour
 c - a +0 helmet (worn)
 i - a +0 ring mail (worn)
Scrolls
 g - a scroll of magic mapping {unknown}
 h - a scroll of identify {unknown}
Potions
 e - 2 potions of curing {unknown}
 j - a potion of might {unknown}
Comestibles
 f - 4 rations


   Skills:
 + Level 2.4 Fighting
 + Level 3.4 Long Blades
 + Level 1.8 Throwing
 + Level 1.1 Armour
 + Level 3.1 Dodging


You had 2 spell levels left.
You didn't know any spells.
Your spell library was empty.

Dungeon Overview and Level Annotations

Branches:
Dungeon (2/15)

Altars:
Elyvilon


Innate Abilities, Weirdness & Mutations

You have razor-sharp toenails.


Message History

You closely miss the kobold. You claw the kobold, but do no damage.
The kobold hits you but does no damage. The gnoll hits you with a +0 club.
You closely miss the kobold. You claw the kobold.
The kobold is severely wounded.
The kobold hits you but does no damage. The gnoll hits you with a +0 club.
The kobold hits you but does no damage.
You closely miss the kobold. Your kick misses the kobold.
The kobold is severely wounded.
The gnoll hits you with a +0 club.
* * * LOW HITPOINT WARNING * * *
The kobold hits you but does no damage.
You barely miss the kobold.
The kobold is severely wounded.
The gnoll hits you with a +0 club.
* * * LOW HITPOINT WARNING * * *
The kobold barely misses you.
You barely miss the kobold. Your kick misses the kobold.
The kobold is severely wounded.
The gnoll hits you with a +0 club.
You die...

8_8........#
.8......[..#
....%.....(#########
........$##gg.K)...#
.........##g######g#
.........g..#..g.#.#
..>......####.##.#K#
.........#.##.#Kg#.#
.........'K...#@.#.#
.........g########.#
#.#.....#..sKg..g..#
#.........##########
#.#.⌠.⌠.#.#
#.........#
#.#.....#.#
#...._....#
.#.....#.#


You could see a gnoll and a kobold.

Vanquished Creatures
  3 gnolls
  An adder (D:2)
  2 leopard geckos (D:1)
  3 bats
  A giant cockroach (D:1)
  A goblin (D:1)
  A hobgoblin (D:1)
  2 jackals (D:1)
  3 kobolds (D:1)
  A frilled lizard (D:2)
  3 rats
21 creatures vanquished.

Notes
Turn   | Place    | Note
-------+----------+-------------------------------------------
     0 | D:1      | CrossKnight the Demonspawn Gladiator began the quest for
                  | the Orb.
     0 | D:1      | Reached XP level 1. HP: 16/16 MP: 1/1
    14 | D:1      | Gained mutation: You have sharp toenails. [demonic
                  | ancestry]
    14 | D:1      | Reached XP level 2. HP: 17/22 MP: 2/2
   335 | D:2      | Found a white marble altar of Elyvilon.
   359 | D:2      | Gained mutation: You have razor-sharp toenails. [demonic
                  | ancestry]
   359 | D:2      | Reached XP level 3. HP: 16/27 MP: 3/3
   362 | D:2      | Found a faded altar of an unknown god.
   701 | D:2      | Reached skill level 1 in Armour
   963 | D:2      | Slain by a gnoll

Vault maps used:
D:1:      ncdulo_watergridlock, minivault_19, chequers_serial_rivers_small_3,
          grunt_decor_fettered
D:2:      wad_pebble_path, chequers_ecumenical_altar_simple, elyvilon_altar_5

Skill      XL: |  1  2  3 |
---------------+----------+-----
Dodging        | 3 |  3.1
Long Blades    | 3 |  3.4
Armour         | 1 |  1.1
Fighting       | |  2.4
Throwing       | |  1.8

Action                   || total
-------------------------++-------
Melee: Long sword        ||    45
       Kick              ||     9
Armor: Leather armour    ||     3
       Ring mail         ||    29
Dodge: Dodged            ||    81
       Rpst.: Long sword ||    21

Table legend:
 A = Non-vault XP
 B = Vault XP
 C = Vault XP percentage of total XP
 D = Non-vault monster count
 E = Vault monster count
 F = Vault count percentage of total count
                 A         B        C        D         E       F
            +---------+---------+-------+---------+---------+-------
      Total |      86 |       0 |   0.0 |      21 |       0 |   0.0
            +---------+---------+-------+---------+---------+-------
        D:1 |      41 |       0 |   0.0 |      15 |       0 |   0.0
        D:2 |      45 |       0 |   0.0 |       6 |       0 |   0.0
            +---------+---------+-------+---------+---------+-------
